 Dungeon Crawl Stone Soup version 0.19-a0-1608-g4cf22de (webtiles) character file.

28 4thArraOfDagon the Gusty (level 2, -4/17 HPs)
             Began as a High Elf Air Elementalist on Sept 17, 2016.
             Slain by an iguana (13 damage)
             ... on level 5 of the Dungeon.
             The game lasted 00:03:58 (615 turns).

4thArraOfDagon the Gusty (High Elf Air Elementalist) Turns: 615, Time: 00:03:58

Health: -4/17      AC:  2    Str:  7    XL:     2   Next: 96%
Magic:  6/6        EV: 12    Int: 18    God:
Gold:   59         SH:  0    Dex: 15    Spells: 3 memorised, 0 levels left

rFire  . . .     SeeInvis .     e - +0 short sword
rCold  . . .     Gourm    .     a - +0 robe
rNeg   . . .     Faith    .     h - +2 buckler
rPois  .         Spirit   .     (no helmet)
rElec  .         Dismiss  .     (no cloak)
rCorr  .         Reflect  .     (no gloves)
MR     .....     Harm     .     (no boots)
Stlth  +.........               (no amulet)
                                (no ring)
                                (no ring)

@: confused, repel missiles
A: no striking features
a: no special abilities


You were on level 5 of the Dungeon.
You were not hungry.

You visited 1 branch of the dungeon, and saw 4 of its levels.

You collected 59 gold pieces.

Inventory:

Hand Weapons
 e - a +0 short sword (weapon)
Armour
 a - a +0 robe (worn)
 h - a +2 buckler (worn)
Scrolls
 f - 2 scrolls of recharging {unknown}
 g - a scroll of teleportation {unknown}
 j - a scroll of blinking {unknown}
Books
 b - a book of Air

   Spells                             Type                      Level
   a - Shock                          Conjuration/Air              1
   b - Swiftness                      Charms/Air                   2
   c - Repel Missiles                 Charms/Air                   2
   d - Static Discharge               Conjuration/Air              3
   e - Lightning Bolt                 Conjuration/Air              5
Comestibles
 c - a bread ration
 k - 2 meat rations


   Skills:
 - Level 0.2 Fighting
 - Level 2.1 Dodging
 - Level 2.1 Stealth
 - Level 2.4 Spellcasting
 - Level 1.1 Conjurations
 * Level 5.0 Air Magic


You couldn't memorise any spells.
You knew the following spells:

 Your Spells              Type           Power        Failure   Level  Hunger
a - Shock                 Conj/Air       ##..         10%         1    #......
b - Repel Missiles        Chrm/Air       ##....       17%         2    ##.....
c - Swiftness             Chrm/Air       ##......     17%         2    ##.....


Dungeon Overview and Level Annotations

Branches:
Dungeon (3/15)

Altars:


Message History

The iguana is heavily wounded.
Casting: Shock
Confirm with . or Enter, or press ? or * to list all spells.
Aiming: Shock
Press: ? - help, Shift-Dir - straight line, f/p - iguana
Aim: an iguana (heavily wounded)
The zap misses the iguana.
The iguana bites you!
Ouch! That really hurt!
* * * LOW HITPOINT WARNING * * *
Unknown command.
Unknown command.
Unknown command.
It was a potion of curing.
You feel better. The iguana bites you.
* * * LOW HITPOINT WARNING * * *
Unknown command.
It was a potion of ambrosia.
You are confused.
You feel invigorated. The iguana bites you!
Ouch! That really hurt!
You die...

.. #...# ....
#...#
.....##...###
............#
............#
............#
............#
........l@..#
#..........#
#.......####
.........#
.........#
........##
........#
........#
........#


You could see an iguana.

Vanquished Creatures
  An adder (D:2)
  A giant cockroach (D:1)
  A goblin (D:2)
  5 hobgoblins (D:2)
  2 jackals (D:2)
  A kobold (D:2)
  3 bats (D:2)
  2 frilled lizards
  A rat (D:1)
17 creatures vanquished.

Notes
Turn   | Place    | Note
-------+----------+-------------------------------------------
     0 | D:1      | 4thArraOfDagon the High Elf Air Elementalist began the quest for the Orb.
     0 | D:1      | Reached XP level 1. HP: 11/11 MP: 4/4
     0 | D:1      | jacquesderrida: Very nais
     0 | D:1      | 4thArraOfDagon: gut?
     0 | D:1      | 4thArraOfDagon: ok
     0 | D:1      | 4thArraOfDagon: i read between your words
     3 | D:1      | jacquesderrida: Thanks
    24 | D:1      | jacquesderrida: lmao
    27 | D:1      | jacquesderrida: Automultizap
    51 | D:1      | jacquesderrida: Crawl devs aim to please
   116 | D:2      | jacquesderrida: dats just ritarded yo
   164 | D:2      | Reached skill level 4 in Air Magic
   188 | D:2      | Reached XP level 2. HP: 17/17 MP: 3/6
   351 | D:2      | Learned a level 2 spell: Repel Missiles
   354 | D:2      | Learned a level 2 spell: Swiftness
   399 | D:2      | Reached skill level 5 in Air Magic
   508 | D:2      | 4thArraOfDagon: 500 turns on d:2
   508 | D:2      | 4thArraOfDagon: :DDDDDDDDDDD
   514 | D:2      | 4thArraOfDagon: thats like whole cocytus
   606 | D:3      | You fall through a shaft for 2 floors!
   606 | D:5      | Entered Level 5 of the Dungeon
   615 | D:5      | Slain by an iguana

Vault maps used:
D:1:      onia_arrival_larder
D:2:      first_bread
D:3:      uniq_sigmund
D:5:      basic_altar, dk_noncrumbling_3, corner_web_ring

Skill      XL: |  1  2 |
---------------+-------+-----
Air Magic      | 4 5 |  5.0
Fighting       | |  0.2
Dodging        | |  2.1
Stealth        | |  2.1
Spellcasting   | |  2.4
Conjurations   | |  1.1

Action                   || total
-------------------------++-------
Melee: Unarmed           ||     5
       Short sword       ||    21
 Cast: Shock             ||    24
       Repel Missiles    ||     1
  Use: Potion            ||     2
 Stab: Sleeping          ||     2
Armor: Robe              ||     6
Dodge: Dodged            ||    25
Block: Buckler           ||     5
